cohdb
Replays
Latest Replays
All Replays
Popular Replays
Top Player Replays
Match Explorer
How It Works
Community
CoH3 Stats
Reddit
Sign in to upload your games and track your stats! →
Sign in with Steam
coh3 rewards goood diversified build orders
Match 36272065
Overview
Messages
Build Orders
End
Engineer Squad
Engineer Squad
Selects Armored Battlegroup
Selects Assault Engineers
Assault Engineer Squad
Assault Engineer Squad
Infantry Support Center
Construct Weapon Support Center
M3 Armored Personnel Carrier
M1919 Machine Gun Team
Oziligath
Xandr27
0
0
Comments
sign in to comment!
No comments posted yet!